AoeStats
← 1,327

Pilgrims

509034167Analyzed
4v4 RM · 22d ago on Sep 25, 2026· 62m 23s· 8 players
Game mode
Random Map
Map size
Large (8 player)
Population
200
Speed
Normal
Resources
Standard
Victory
Conquest
Starting age
Dark Age
Ending age
Imperial Age
RankedLock teamsTeams togetherTeam positionsShared explorationLock speedFull tech treeHidden civsTurbo modeCheats
Victory
Defeat
🇨🇳 Wu · China
1063
+12
🇳🇿 Britons · New Zealand
989
+15
🇦🇺 Saxons · Australia
977
+16
🇹🇼 Varangians · Taiwan
963
+16
vs
🇺🇸 Danes · United States
1018
-16
🇺🇸 Vikings · United States
975
-15
🇺🇸 Varangians · United States
969
-15
🇺🇸 Bulgarians · United States
931
-13
Huldron
11:14 Feudal Age
15:05 Double-Bit Axe
19:01 Castle Age
17:12 Gold Mining
18:17 Fletching
21:49 Bodkin Arrow
22:24 Murder Holes
22:49 Crossbowman
23:52 Ballistics
25:10 Wheelbarrow
25:34 Loom
27:34 Hand Cart
29:16 Padded Archer Armor
35:02 Imperial Age
36:05 Bracer
36:16 Arbalester
37:08 Siege Engineers
38:04 Chemistry
38:51 Gold Shaft Mining
38:42 Leather Archer Armor
39:09 Stone Mining
41:23 Conscription
42:05 Elite Longbowman
43:28 Bow Saw
43:07 Town Watch
43:25 Caravan
44:04 Elite Longbowman
45:07 Yeomen
46:44 Guilds
45:56 Elite Longbowman
48:21 Ring Archer Armor
47:40 Gambesons
47:17 Man-at-Arms
48:04 Sappers
50:32 Long Swordsman
51:24 Forging
51:15 Scale Mail Armor
51:00 Treadmill Crane
南暮
11:02 Loom
13:13 Feudal Age
15:33 Arson
15:11 Man-at-Arms
16:17 Double-Bit Axe
16:34 Arson
21:38 Castle Age
23:40 Crossbowman
24:58 Medium Warships
25:08 Fletching
28:08 Bodkin Arrow
27:55 Horse Collar
29:55 Bow Saw
30:45 Long Swordsman
33:30 Padded Archer Armor
34:38 Town Watch
36:52 Wheelbarrow
38:19 Forging
38:10 Heavy Plow
38:56 Red Cliffs Tactics
38:58 Fishing Lines
40:36 Town Patrol
40:55 Hand Cart
43:59 Pikeman
48:37 Imperial Age
48:05 Squires
48:19 Clinker Construction
49:47 Conscription
52:29 Two-Man Saw
51:32 Bracer
52:44 Arbalester
53:43 Leather Archer Armor
54:03 Carvel Hull
57:02 Elite Fire Archer
57:59 Halberdier
59:15 Two-Handed Swordsman
62:01 Fervor
61:56 Sitting Tiger
61:29 Champion
62:31 Heated Shot
63:07 Ballistics
63:48 Chemistry
62:59 Masonry
Tr3vorTW
11:59 Feudal Age
10:18 Loom
12:25 Fishing Lines
18:25 Gold Mining
18:47 Double-Bit Axe
23:30 Castle Age
24:31 Medium Warships
24:30 Gillnets
24:58 Bow Saw
24:44 Stone Mining
28:17 Wheelbarrow
27:42 Fletching
27:54 Padded Archer Armor
29:09 Bodkin Arrow
31:13 Ballistics
31:19 Careening
31:20 Clinker Construction
37:09 Imperial Age
34:38 Treadmill Crane
37:14 Hand Cart
37:09 Elite Longship
37:53 Bracer
38:15 Dry Dock
40:13 Two-Man Saw
41:05 Carvel Hull
41:10 Town Watch
42:25 Stone Shaft Mining
43:55 Chemistry
46:34 Conscription
46:30 Forging
46:21 Scale Mail Armor
48:47 Iron Casting
48:27 Chain Mail Armor
50:27 Blast Furnace
49:26 Elite Varangian Guard
50:07 Squires
49:59 Gambesons
50:03 Arson
51:41 Guilds
52:25 Gothikon
58:22 Plate Mail Armor
1,327
4:45 Loom
11:16 Feudal Age
14:30 Wheelbarrow
15:57 Castle Age
13:44 Fishing Lines
15:32 Double-Bit Axe
16:26 Wheelbarrow
17:31 Medium Warships
18:19 Medium Warships
18:00 Gillnets
18:02 Fletching
18:45 Gold Mining
19:16 Bow Saw
22:32 Hand Cart
23:07 Bodkin Arrow
28:31 Ballistics
37:08 Gold Shaft Mining
36:25 Stone Mining
38:22 Squires
38:09 Gambesons
38:10 Arson
38:29 Padded Archer Armor
38:42 Forging
38:33 Scale Mail Armor
41:14 Imperial Age
39:19 Treadmill Crane
39:34 Murder Holes
40:17 Iron Casting
40:41 Careening
41:17 Shield Wall
42:18 Conscription
42:59 Elite Longship
43:59 Elite Varangian Guard
45:27 Hoardings
45:19 Chain Mail Armor
45:17 Capped Ram
47:13 Chemistry
46:34 Dry Dock
46:28 Masonry
48:16 Pikeman
49:52 Siege Ram
51:36 Halberdier
54:37 Elite Hearth Troop
59:31 Architecture
58:49 Arrowslits
LegalMexican489
9:10 Loom
12:24 Feudal Age
13:09 Fishing Lines
14:44 Gold Mining
19:09 Fletching
19:22 Padded Archer Armor
19:33 Forging
19:24 Scale Mail Armor
19:31 Scale Barding Armor
19:25 Town Watch
22:40 Castle Age
21:23 Stone Mining
22:16 Double-Bit Axe
23:46 Squires
24:37 Iron Casting
24:44 Chain Barding Armor
24:19 Bodkin Arrow
25:04 Gold Shaft Mining
25:05 Gillnets
28:31 Leather Archer Armor
29:36 Chain Mail Armor
39:19 Horse Collar
40:42 Bow Saw
48:23 Town Patrol
52:26 Imperial Age
51:51 Heavy Plow
52:04 Treadmill Crane
52:35 Masonry
53:22 Town Patrol
55:23 Chemistry
57:02 Ballistics
56:59 Heated Shot
57:17 Siege Engineers
57:06 Arrowslits
59:02 Architecture
62:15 Hoardings
62:03 Conscription
Mini Me
6:00 Loom
12:35 Feudal Age
15:06 Double-Bit Axe
20:14 Castle Age
20:39 Town Watch
27:14 Ballistics
26:54 Horse Collar
29:58 Stone Mining
29:58 Gold Mining
41:59 Bloodlines
41:49 Husbandry
45:12 Vendel Legacy
46:16 Forging
49:16 Iron Casting
48:41 Scale Mail Armor
48:46 Scale Barding Armor
48:32 Fletching
48:42 Padded Archer Armor
50:53 Bodkin Arrow
53:04 Medium Warships
56:49 Heavy Plow
62:11 Elite Skirmisher
Paladin Storch
6:59 Loom
15:49 Feudal Age
17:51 Wheelbarrow
17:02 Town Watch
20:13 Forging
19:55 Fletching
20:06 Scale Mail Armor
20:12 Scale Barding Armor
20:37 Fishing Lines
20:55 Double-Bit Axe
23:52 Castle Age
22:34 Wheelbarrow
21:45 Town Watch
24:43 Bodkin Arrow
26:01 Gillnets
26:02 Pikeman
26:43 Squires
26:30 Arson
27:10 Bow Saw
31:27 Hand Cart
31:14 Town Patrol
32:40 Iron Casting
32:21 Chain Mail Armor
32:26 Chain Barding Armor
32:07 Padded Archer Armor
33:48 Husbandry
33:58 Bloodlines
37:25 Imperial Age
35:34 Medium Warships
38:53 Masonry
38:54 Clinker Construction
39:05 Ballistics
39:46 Chemistry
38:53 Siege Engineers
38:44 Murder Holes
39:26 Heavy Warships
41:57 Elite Konnik
42:36 Stirrups
53:26 Architecture
56:19 Conscription
59:31 Horse Collar
59:18 Halberdier
59:22 Light Cavalry
60:52 Bracer
62:20 Caravan
Skifree Yeti
7:27 Loom
11:44 Feudal Age
12:47 Double-Bit Axe
13:41 Wheelbarrow
13:00 Gold Mining
12:56 Fishing Lines
14:09 Town Watch
14:27 Fletching
14:48 Forging
14:39 Scale Mail Armor
20:48 Castle Age
21:26 Bodkin Arrow
21:45 Medium Warships
21:38 Gillnets
22:20 Hand Cart
24:20 Clinker Construction
25:15 Ballistics
25:06 Careening
41:38 Horse Collar
45:36 Imperial Age
43:22 Hamask
44:13 Padded Archer Armor
44:49 Iron Casting
44:30 Chain Mail Armor
45:37 Onager
46:07 Elite Skirmisher
47:01 Siege Engineers
46:32 Capped Ram
48:27 Northmen's Fury
48:32 Siege Onager
50:49 Conscription
50:29 Elite Jomsviking
54:37 Siege Ram
59:26 Chemistry
57:53 Crossbowman
58:38 Thumb Ring
58:51 Man-at-Arms
59:17 Gambesons
59:32 Squires
61:34 Long Swordsman
Connection lost

Rejoining the realm…

Still unreachable

The connection could not be restored.

Session expired

The server has moved on; the page needs a fresh start.